 Dungeon Crawl Stone Soup version 0.28.0-53-g5a82cb258f (webtiles) character file.

Game seed: 16893061373830425918

446 bnorton916 the Magician (level 6, -4/32 HPs)
             Began as a Deep Elf Fire Elementalist on June 14, 2022.
             Slain by an ogre
             ... wielding a +0 giant club
              (23 damage)
             ... on level 4 of the Dungeon.
             The game lasted 00:05:54 (5811 turns).

bnorton916 the Magician (DEFE)                      Turns: 5811, Time: 00:05:54

Health: -4/32      AC:  3    Str:  5    XL:     6   Next: 73%
Magic:  15/17      EV: 12    Int: 22    God:
Gold:   135        SH:  0    Dex: 15    Spells: 11/17 levels left

rFire   . . .      SeeInvis .   (no weapon)
rCold   . . .      Faith    .   (no shield)
rNeg    . . .      Spirit   .   a - +0 robe
rPois   .          Reflect  .   (no helmet)
rElec   .          Harm     .   (no cloak)
rCorr   .          Rampage  .   (no gloves)
Will    .....                   e - +0 pair of boots
Stlth   ++........              (no amulet)
HPRegen 0.10/turn               (no ring)
MPRegen 0.15/turn               (no ring)

@: no status effects
A: no striking features
a: no special abilities


You were on level 4 of the Dungeon.
You visited 1 branch of the dungeon, and saw 4 of its levels.

You collected 135 gold pieces.

Inventory:

Missiles
 b - 120 stones
 h - 6 poisoned darts
Armour
 a - a +0 robe (worn)
 e - a +0 pair of boots (worn)
Jewellery
 o - a ring of resist corrosion
Scrolls
 f - a scroll of vulnerability {unknown}
 g - 6 scrolls of identify {unknown}
 i - a scroll of magic mapping {unknown}
 l - 5 scrolls of noise {unknown}
 m - a scroll of enchant weapon {unknown}
Potions
 c - 2 potions of might {unknown}
 d - a potion of lignification {unknown}
 j - a potion of heal wounds {unknown}
 k - 2 potions of invisibility {unknown}
 n - a potion of brilliance {unknown}


   Skills:
 - Level 2.4 Dodging
 - Level 2.4 Stealth
 + Level 6.0 Spellcasting
 + Level 4.4 Conjurations
 + Level 5.5 Fire Magic


You had 11 spell levels left.
You knew the following spells:

 Your Spells              Type           Power      Damage    Failure   Level
a - Foxfire               Conj/Fire      100%       2x1d9     1%          1
b - Scorch                Fire           62%        2d8       1%          2
c - Conjure Flame         Conj/Fire      28%        6-21      3%          3

Your spell library contained the following spells:

 Spells                   Type           Power      Damage    Failure   Level
 Static Discharge         Conj/Air       16%        N/A       5%          2
 Inner Flame              Hex/Fire       18%        N/A       9%          3
 Flame Wave               Conj/Fire      28%        2d8       12%         4
 Ensorcelled Hibernation  Hex/Ice        12%        N/A       14%         2
 Passwall                 Tmut/Erth      5%         N/A       14%         2
 Swiftness                Air            6%         N/A       26%         3
 Lightning Bolt           Conj/Air       8%         1d20      71%         5
 Maxwell's Capacitive Co  Air            3%         ∞         100%        8


Dungeon Overview and Level Annotations

Branches:
Dungeon (4/15)
 Temple: D:4-7

Altars:

Shops:
D:3 ?

Annotations:
D:3 Grinder


Message History

The hound closely misses you. The hound bites you. The hound misses you.
The hound bites you.
The hound is no longer more vulnerable to fire.
The hound bites you but does no damage. The hound barely misses you.
The hound closely misses you. The hound bites you.
Casting: Scorch (safe; 1% risk of failure)
Confirm with . or Enter, or press ? or * to list all spells.
Flames lash the hound.
The hound is almost dead.
The hound's fire resistance burns away.
The hound bites you.
* * * LOW HITPOINT WARNING * * *
The hound closely misses you. The hound bites you but does no damage.
The hound bites you.
* * * LOW HITPOINT WARNING * * *
Casting: Scorch (safe; 1% risk of failure)
Confirm with . or Enter, or press ? or * to list all spells.
Flames lash the hound.
The hound is burned terribly!
You kill the hound!
Your Spellcasting skill increases to level 6!
The ogre misses you.
You see here 17 sling bullets.
Okay, then.
Casting: Scorch (safe; 1% risk of failure)
Confirm with . or Enter, or press ? or * to list all spells.
Okay, then.
You aren't carrying any items that you can evoke.
Unknown command.
Casting: Scorch (safe; 1% risk of failure)
Confirm with . or Enter, or press ? or * to list all spells.
Flames lash the ogre.
The ogre is heavily wounded.
The ogre's fire resistance burns away.
The ogre hits you with a +0 giant club!!
Ouch! That really hurt!
You die...

## #........## .#
#.........###### .#
#.........##.#.##
.####.........#.#..##
##..#...............##
.#...................#
.......#.............#
.......#..#..........#
.#.......##.....@..###
.#..<..........O...>##
.....................#
..............##.....#
......##.......#.....##
.......###............#
.......# #............#
.......# #<..........##
.......###.....#.#...#


You could see an ogre (combustible).

Vanquished Creatures
  A black bear (D:4)
  3 scorpions (D:4)
  A hound (D:4)
  Natasha (twice) (D:4)
  An adder (D:3)
  An adder skeleton (D:4)
  3 worms
  3 dart slugs
  3 orcs (D:4)
  3 bats
  4 endoplasms
  5 giant cockroaches
  8 goblins
  3 hobgoblins
  3 jackals (D:2)
  7 quokkas
  7 ball pythons
  7 frilled lizards
  5 kobolds
  7 rats
77 creatures vanquished.

Vanquished Creatures (others)
  387 foxfires
387 creatures vanquished.

Grand Total: 464 creatures vanquished

Notes
Turn   | Place    | Note
-------+----------+-------------------------------------------
     0 | D:1      | bnorton916 the Deep Elf Fire Elementalist began the quest
                  | for the Orb.
     0 | D:1      | Reached XP level 1. HP: 10/10 MP: 6/6
     0 | D:1      | Noticed an iron dragon
     0 | D:1      | Noticed a white draconian
     3 | D:1      | Noticed an ice dragon
     6 | D:1      | Noticed an iron dragon
     7 | D:1      | Noticed a tentacled monstrosity
     8 | D:1      | Noticed an ice dragon
     9 | D:1      | Noticed a white draconian
    11 | D:1      | Noticed a tentacled monstrosity
    11 | D:1      | Noticed a green draconian
    13 | D:1      | Noticed an ice dragon
    15 | D:1      | Noticed an orb of fire
    17 | D:1      | Noticed a tentacled monstrosity
    17 | D:1      | Noticed a large abomination
    19 | D:1      | Noticed a tentacled monstrosity
    21 | D:1      | Noticed an orb of fire
   113 | D:1      | Found a faded altar of an unknown god.
   383 | D:1      | Reached XP level 2. HP: 15/15 MP: 6/8
  1188 | D:1      | Reached XP level 3. HP: 19/19 MP: 6/10
  2221 | D:2      | Reached skill level 4 in Spellcasting
  2872 | D:3      | Noticed Grinder
  3097 | D:3      | Found Yhaetipi's Magic Scroll Shop.
  3102 | D:3      | Reached XP level 4. HP: 20/24 MP: 10/12
  3288 | D:2      | Learned a level 2 spell: Scorch
  4374 | D:4      | Noticed a scorpion
  4378 | D:4      | Killed a scorpion
  4379 | D:4      | Reached XP level 5. HP: 17/28 MP: 11/14
  4703 | D:4      | Learned a level 3 spell: Conjure Flame
  4730 | D:4      | Noticed a black bear
  4737 | D:4      | Killed a black bear
  4738 | D:4      | Reached skill level 5 in Spellcasting
  4745 | D:4      | Reached skill level 5 in Fire Magic
  4764 | D:4      | Reached XP level 6. HP: 22/32 MP: 0/16
  5226 | D:3      | Noticed Natasha
  5241 | D:4      | Killed Natasha
  5454 | D:4      | Noticed Natasha
  5458 | D:4      | Killed Natasha
  5686 | D:4      | Reached skill level 6 in Spellcasting
  5811 | D:4      | Slain by an ogre

Illustrated notes

Levels and vault maps discovered:
D:1:      shiori_arrival_whats_in_store_for_you, layout_loops_ring,
          basic_ecumenical_altar, minivault_23
D:2:      layout_basic
D:3:      layout_basic, ebering_ghost_gozag, serial_shops, shop_scrolls,
          uniq_natasha, uniq_grinder, uniq_ijyb
D:4:      layout_cave_pools, minmay_misc_feat_enclosed

Skill      XL: |  1  2  3  4  5  6 |
---------------+-------------------+-----
Conjurations   | 2 3 4 |  4.4
Spellcasting   | 4 5 6 |  6.0
Fire Magic     | 4 5 |  5.5
Dodging        | |  2.4
Stealth        | |  2.4

Action                   |  1- 3 |  4- 6 || total
-------------------------+-------+-------++-------
 Cast: Foxfire           |   173 |    61 ||   234
       Scorch            |       |    12 ||    12
Armor: Robe              |     7 |     8 ||    15
Dodge: Dodged            |    15 |    33 ||    48
